[Event "Azerbaijan Men Championship 2024"]
[Site "Baku"]
[Date "2024.04.13"]
[Round "3.7"]
[White "Rasulov, Vugar"]
[Black "Hamidov, Allahverdi"]
[Result "1-0"]
[ECO "D03"]
[WhiteElo "2551"]
[BlackElo "2091"]
[Annotator "RC"]
[PlyCount "87"]
[EventDate "2024.04.11"]
[EventType "swiss"]
[EventCountry "AZE"]
[SourceTitle "playchess.com"]
[Source "ChessBase"]
[SourceQuality "1"]
[TimeControl "40/5400+30:1800+30"]

1. d4 d5 2. Nf3 Nf6 3. Bg5 Ne4 4. Bh4 Bf5 5. Nbd2 c6 6. e3 Qb6 7. Nxe4 Bxe4 8. Bd3 Bxd3 9. Qxd3 Qa6 10. Qxa6 Nxa6 11. Ke2 e6 12. Bg3 Nb8 13. c4 dxc4 14. Rhc1 Nd7 15. a4 Be7 16. a5 a6 17. Nd2 f5 18. Nxc4 O-O 19. Rc3 c5 20. Rd1 Bf6 21. f3 cxd4 22. exd4 Rac8 23. Nd6 Rxc3 24. bxc3 e5 25. Nxb7 Rb8 26. Rb1 f4 27. Bf2 exd4 28. Bxd4 Be7 29. Kd3 Kf7 30. Kc4 Nf8 31. Kd5 Ne6 32. Be5 Rc8 33. Nd6+ Bxd6 34. Bxd6 Kf6 35. c4 Rd8 36. Rb6 Kf5 37. c5 g5 38. g4+ fxg3 39. hxg3 h5 40. g4+ hxg4 41. fxg4+ Kf6 42. Kc4 Rh8 43. Rxa6 Rh4 44. Kd5 1-0

[Event "Azerbaijan Men Championship 2024"]
[Site "Baku"]
[Date "2024.04.13"]
[Round "3.8"]
[White "Sadikhov, Ulvi"]
[Black "Aslanov, Umid"]
[Result "1/2-1/2"]
[ECO "A11"]
[WhiteElo "2497"]
[BlackElo "2239"]
[Annotator "RC"]
[PlyCount "146"]
[EventDate "2024.04.11"]
[EventType "swiss"]
[EventCountry "AZE"]
[SourceTitle "playchess.com"]
[Source "ChessBase"]
[SourceQuality "1"]
[TimeControl "40/5400+30:1800+30"]

1. b3 d5 2. Bb2 Nf6 3. g3 c6 4. Bg2 g6 5. Nf3 Bg7 6. O-O O-O 7. c4 Re8 8. d3 a5 9. a3 Bg4 10. Qc2 Bxf3 11. Bxf3 e5 12. Bg2 d4 13. b4 Qe7 14. bxa5 Rxa5 15. Nd2 Nbd7 16. Nb3 Ra7 17. a4 h5 18. Ba3 Qe6 19. a5 Bf8 20. Bxf8 Kxf8 21. Qd2 Kg7 22. e3 dxe3 23. Qxe3 Ra6 24. h3 b6 25. Rfe1 bxa5 26. Rxa5 Rxa5 27. Nxa5 c5 28. Rb1 Qd6 29. Nb7 Qd4 30. Qxd4 exd4 31. Kf1 g5 32. Rb5 Re5 33. Na5 g4 34. h4 Re6 35. Nb3 Ra6 36. Bb7 Ra3 37. Nxc5 Nxc5 38. Rxc5 Rxd3 39. Ke2 Ra3 40. Rb5 Rc3 41. c5 Nd7 42. c6 Nc5 43. Rb4 Ne6 44. Kd2 Kf6 45. Rb2 Ke7 46. Rc2 Rxc2+ 47. Kxc2 Kd6 48. Kd3 Ke5 49. Bc8 Nc7 50. Kc4 Ke4 51. Bd7 d3 52. Kc3 Kf3 53. Kxd3 Kxf2 54. Bxg4 Kxg3 55. Bxh5 f6 56. Kd4 Kxh4 57. Bf7 Kg5 58. Kc5 Na8 59. Kd6 f5 60. Kd7 Kf6 61. Bh5 Ke5 62. Bf3 f4 63. Bg2 Nb6+ 64. Ke7 Na8 65. Kd7 Nb6+ 66. Kc7 Nc4 67. Kc8 Nd6+ 68. Kd7 Nb5 69. Bf1 Na7 70. c7 f3 71. Ba6 f2 72. Bf1 Kd5 73. Bg2+ Kc5 1/2-1/2

[Event "Azerbaijan Men Championship 2024"]
[Site "Baku"]
[Date "2024.04.13"]
[Round "3.9"]
[White "Ibrahimli, Murad"]
[Black "Ahmad, Khagan"]
[Result "1-0"]
[ECO "D38"]
[WhiteElo "2396"]
[BlackElo "2321"]
[Annotator "RC"]
[PlyCount "79"]
[EventDate "2024.04.11"]
[EventType "swiss"]
[EventCountry "AZE"]
[SourceTitle "playchess.com"]
[Source "ChessBase"]
[SourceQuality "1"]
[TimeControl "40/5400+30:1800+30"]

1. Nf3 d5 2. d4 Nf6 3. c4 e6 4. Nc3 Bb4 5. cxd5 exd5 6. Bg5 h6 7. Bh4 O-O 8. e3 Bf5 9. Qb3 Bxc3+ 10. bxc3 Nbd7 11. Be2 c5 12. dxc5 Nxc5 13. Qb4 Rc8 14. O-O g5 15. Bg3 Nfe4 16. Be5 a5 17. Qa3 Re8 18. Bd4 Ne6 19. Rac1 Bg4 20. Rfd1 Nxd4 21. Rxd4 Qc7 22. c4 dxc4 23. h3 Bxf3 24. Bxf3 Nf6 25. Rdxc4 Qxc4 26. Rxc4 Rxc4 27. Qxa5 Ne4 28. Qb5 Rec8 29. Qxb7 Rc1+ 30. Kh2 Nd2 31. Be2 R8c2 32. Qa6 Kg7 33. Qa4 h5 34. Bd3 Rc6 35. Qd4+ Rf6 36. Qb2 Rd1 37. Be2 Nf1+ 38. Kg1 Nxe3+ 39. Bxd1 Nxd1 40. Qd2 1-0

[Event "Azerbaijan Men Championship 2024"]
[Site "Baku"]
[Date "2024.04.14"]
[Round "4.1"]
[White "Muradli, Mahammad"]
[Black "Suleymanli, Aydin"]
[Result "1-0"]
[ECO "D41"]
[WhiteElo "2555"]
[BlackElo "2607"]
[Annotator "RC"]
[PlyCount "91"]
[EventDate "2024.04.11"]
[EventType "swiss"]
[EventCountry "AZE"]
[SourceTitle "playchess.com"]
[Source "ChessBase"]
[SourceQuality "1"]
[TimeControl "40/5400+30:1800+30"]

1. d4 Nf6 2. c4 e6 3. Nf3 d5 4. Nc3 c5 5. cxd5 cxd4 6. Qxd4 exd5 7. e4 dxe4 8. Qxd8+ Kxd8 9. Ng5 Be6 10. Nxe6+ fxe6 11. Bg5 Nc6 12. O-O-O+ Ke8 13. Bc4 Ne5 14. Bxe6 Nd3+ 15. Kc2 Nxf2 16. Bxf6 Nxd1 17. Rxd1 gxf6 18. Rd7 Rd8 19. Rxb7 Rd6 20. Bc4 Rd4 21. Kb3 Kd8 22. Rxa7 f5 23. Nd5 Kc8 24. a4 Kb8 25. Rd7 Bc5 26. a5 Ka8 27. Kc3 e3 28. a6 Rc8 29. Be2 Re4 30. Kb3 Rb8+ 31. Kc2 Rc8 32. Kb1 Bd4 33. Rb7 Re6 34. Rxh7 Rec6 35. Bf3 e2 36. Bxe2 Rc1+ 37. Ka2 R8c2 38. Nc3 Rxb2+ 39. Kxb2 Rxc3 40. Kb1 Kb8 41. Rb7+ Kc8 42. Rb4 Re3 43. Bf3 Re1+ 44. Kc2 Bf2 45. h4 Kc7 46. a7 1-0

[Event "Azerbaijan Men Championship 2024"]
[Site "Baku"]
[Date "2024.04.14"]
[Round "4.2"]
[White "Iskandarov, Misratdin"]
[Black "Babazada, Khazar"]
[Result "1-0"]
[ECO "C54"]
[WhiteElo "2538"]
[BlackElo "2474"]
[Annotator "TA"]
[PlyCount "131"]
[EventDate "2024.04.11"]
[EventType "swiss"]
[EventCountry "AZE"]
[SourceTitle "playchess.com"]
[Source "ChessBase"]
[SourceQuality "1"]
[TimeControl "40/5400+30:1800+30"]

1. e4 e5 2. Nf3 Nc6 3. Bc4 Nf6 4. d3 Bc5 5. c3 d6 6. O-O O-O 7. Bb3 a6 8. Re1 Ba7 9. h3 Re8 10. Nbd2 Be6 11. Nf1 h6 12. Bxe6 {[%emt 0:03:31] C54: Giuoco Piano: 4 c3 Nf6, main lines with 5 d4 and 5 d3.} Rxe6 13. Ng3 d5 14. Qe2 Qd7 15. Nh4 Rd8 16. Nhf5 dxe4 17. dxe4 Qd3 18. Kf1 Qxe2+ $146 ({Predecessor:} 18... Ree8 19. Qxd3 Rxd3 20. Ke2 Red8 21. f3 a5 22. a4 R3d7 23. Ne3 Ne8 24. Ngf5 Nd6 25. Nxd6 Rxd6 {1-0 Anand,V (2800)-Hammer,J (2636) Arctic Stars Prelim rapid 2010 (1)}) 19. Kxe2 Ne7 20. f3 Ne8 21. Be3 Bxe3 22. Nxe3 Ng6 23. Nh5 Nf6 24. Nxf6+ Rxf6 25. g3 Rfd6 26. Red1 Rxd1 27. Nxd1 Ne7 28. Ne3 f6 29. a4 Kf7 30. a5 Ke6 31. Ra4 h5 32. Rb4 Rb8 33. f4 g6 34. Rc4 Kd6 35. Kf3 Rh8 36. Rb4 Rb8 $1 37. Rc4 Rf8 38. Rb4 Rb8 $1 39. h4 Ke6 40. Rc4 Rc8 41. Rc5 exf4 42. gxf4 Nc6 (42... c6 $11 {keeps the balance.}) 43. b4 Ne7 44. f5+ $1 gxf5 45. Nxf5 (45. exf5+ Kd6 $18) 45... Nxf5 46. Rxf5 (46. exf5+ $6 Kd6 $11) 46... Rh8 47. Ke3 Rh7 48. Kd4 Rd7+ (48... b6 $16 {keeps fighting.} 49. Ke3 Ke7) 49. Kc4 $18 b5+ 50. Kb3 Rd3 51. Rxh5 Re3 {[%emt 0:00:23] [#]} 52. Rh7 $1 Kd6 $2 (52... c6 $16) 53. Rf7 $18 Rxe4 54. Rxf6+ Kd7 $2 (54... Ke7 55. Rh6 (55. Rxa6 Rxh4 56. Rg6 Kd7 $14) 55... Kd7) 55. h5 $18 (55. Rxa6 Rxh4 56. Ra8 c6 $16) 55... Rh4 56. h6 ({Weaker is} 56. Rxa6 Rxh5 57. Rf6 Kc8 $16) 56... c6 57. Kc2 Rh3 58. Kd2 Kc7 59. Re6 Kd7 60. Rg6 Kc7 61. Rg7+ $2 (61. Rf6 $18 {and White stays clearly on top. Black must now prevent Re6.} Kd7 62. Kc2) 61... Kd6 $16 62. h7 c5 {[%emt 0:09:56] [#]} 63. c4 (63. Rg6+ $1 $16 Kd5 64. Rg5+ (64. Rxa6 cxb4 65. cxb4 Rxh7 $11) 64... Kc6 65. Rxc5+ Kb7 66. Rf5 (66. c4 bxc4 67. h8=Q Rxh8 $11) 66... Rxh7 67. Rf4) 63... Kc6 $2 (63... Rh2+ $14 64. Kd1 Rh1+ 65. Kd2 Rh2+ 66. Ke3 bxc4 67. Rg6+ Kd7) 64. Rg6+ $18 Kb7 65. cxb5 (65. bxc5 bxc4 66. Rb6+ Ka7 $16) 65... axb5 66. Rg7+ 1-0

[Event "Azerbaijan Men Championship 2024"]
[Site "Baku"]
[Date "2024.04.14"]
[Round "4.3"]
[White "Manafov, Vugar"]
[Black "Guliyev, Namig"]
[Result "1/2-1/2"]
[ECO "D21"]
[WhiteElo "2424"]
[BlackElo "2509"]
[Annotator "TA"]
[PlyCount "60"]
[EventDate "2024.04.11"]
[EventType "swiss"]
[EventCountry "AZE"]
[SourceTitle "playchess.com"]
[Source "ChessBase"]
[SourceQuality "1"]
[TimeControl "40/5400+30:1800+30"]

1. d4 d5 2. c4 dxc4 3. Nf3 a6 4. a4 Nf6 5. e3 Bg4 6. Nbd2 e6 7. Nxc4 Bb4+ 8. Bd2 Bxf3 9. gxf3 Bxd2+ 10. Qxd2 O-O 11. Bg2 Nbd7 12. f4 Rb8 13. b4 Nd5 14. O-O N7b6 15. Ne5 Qd6 16. a5 (16. Rfb1 $14) 16... Nd7 $11 17. Nd3 f5 18. Bf3 Ne7 19. Nc5 c6 20. Kh1 Ng6 (20... Rf6 $11) 21. Bd1 {[%emt 0:06:55] White is much more active.} Kh8 22. Qe2 Nf6 23. Bb3 Rfe8 24. Rg1 Re7 25. Rg3 Rbe8 26. Rag1 (26. Rxg6 $5 hxg6 27. Bc4 $11) 26... Nf8 27. Bc4 Rc7 28. Bb3 Rce7 $1 29. Bc4 Rc7 $1 30. Bb3 Rce7 {[%emt 0:00:24] Weighted Error Value: White=0.18 (very precise) /Black=0.13 (very precise) .  Mistake:       	White=1     	Black=1      Inaccurate:     	White=3     	Black=3      OK:         	White=4     	Black=3      Best:        	White=1     	Black=1      Strong:       	---       	Black=2} 1/2-1/2

[Event "Azerbaijan Men Championship 2024"]
[Site "Baku"]
[Date "2024.04.14"]
[Round "4.4"]
[White "Samadov, Read"]
[Black "Suleymanli, Suleyman"]
[Result "1-0"]
[ECO "A31"]
[WhiteElo "2502"]
[BlackElo "2246"]
[Annotator "TA"]
[PlyCount "81"]
[EventDate "2024.04.11"]
[EventType "swiss"]
[EventCountry "AZE"]
[SourceTitle "playchess.com"]
[Source "ChessBase"]
[SourceQuality "1"]
[TimeControl "40/5400+30:1800+30"]

1. Nf3 Nf6 2. c4 c5 3. Nc3 Nc6 4. d4 cxd4 5. Nxd4 d5 6. cxd5 (6. Qa4 $5) 6... Nxd5 7. Nxc6 bxc6 8. Bd2 e5 {[%emt 0:02:55] White has an edge.} 9. Qa4 Qd6 {[%emt 0:03:22] [#]} (9... Bd7 $11) 10. Nxd5 $1 $16 Qxd5 11. e4 Qd6 {[%emt 0:01:11] [#]} 12. Be2 (12. O-O-O $1 $16) 12... Be7 $14 {[%emt 0:06:03] [#] Repels Bg5} 13. O-O $1 O-O 14. Bc3 Qc7 15. Rac1 Be6 16. Rfd1 a5 17. Bc4 Bxc4 18. Qxc4 Bb4 19. Rd5 Bd6 20. Rd3 Bb4 21. g3 Bxc3 22. Rdxc3 Rfb8 23. b3 h6 24. Qe2 Rb6 25. Qc2 Rd8 26. Kg2 (26. Rxc6 $2 Rxc6 27. Qxc6 Rd1+ 28. Rxd1 Qxc6 $19) 26... Rd6 27. Rc5 Re6 28. Qc3 (28. Rxa5 Rxb3 29. Qd2 Rb8 $14) 28... Ra6 29. Rd1 a4 30. b4 $36 {[%emt 0:00:27][%cal Bb3b4,Bb4b5][%mdl 2080] Keeping Black busy. White is much more active.} Qb8 $2 {[%emt 0:01:32][%mdl 8192] [#] A mistake that costs the game.} (30... Qe7 $16 31. a3 Qf6) 31. b5 $1 $18 Ra7 32. bxc6 {[%emt 0:01:06] Strongly threatening c7.} Rc7 33. Rd7 (33. Rxe5 Rcxc6 34. Rc5 Rxc5 35. Qxc5 Rxe4 $11) 33... Kh7 34. a3 (34. Rxe5 Rexc6 35. Qd4 Rxd7 36. Qxd7 Qxe5 $18) 34... Qb6 35. Rxc7 ({Weaker is} 35. Rxe5 Rexc6 36. Rxc7 Qxc7 $16) 35... Qxc7 {[%emt 0:00:00][%mdl 4096] Endgame. KQR-KQR} 36. Qc4 Rf6 37. Qxa4 {[%emt 0:00:55] Qc2 is the strong threat.} Rd6 (37... h5 $142 38. h4 Rd6) 38. Qb5 Rd2 39. Rxe5 {[%emt 0:00:59] And now Re8 would win.} Qa7 40. Qc5 Qa6 41. Re7 {[%emt 0:02:17] Weighted Error Value: White=0.11 (very precise) /Black=0.56.  Loses game:     	---       	Black=1      Mistake:       	White=1     	Black=2      Inaccurate:     	---       	Black=3      OK:         	White=12    	Black=5      Best:        	White=2     	Black=2      Strong:       	White=1     	---        Brilliant:      	White=1     	---} 1-0

[Event "Azerbaijan Men Championship 2024"]
[Site "Baku"]
[Date "2024.04.14"]
[Round "4.5"]
[White "Gadimbayli, Abdulla"]
[Black "Ibrahimli, Murad"]
[Result "1/2-1/2"]
[ECO "C77"]
[WhiteElo "2489"]
[BlackElo "2396"]
[Annotator "TA"]
[PlyCount "73"]
[EventDate "2024.04.11"]
[EventType "swiss"]
[EventCountry "AZE"]
[SourceTitle "playchess.com"]
[Source "ChessBase"]
[SourceQuality "1"]
[TimeControl "40/5400+30:1800+30"]

1. e4 e5 2. Nf3 Nc6 3. Bb5 a6 4. Ba4 Nf6 5. Nc3 b5 6. Bb3 Be7 7. a4 b4 8. Nd5 d6 9. d4 O-O 10. dxe5 Nxe4 11. Nxe7+ Nxe7 12. exd6 Qxd6 13. Qxd6 cxd6 14. O-O Nc5 15. Bf4 Nxb3 16. cxb3 Rd8 17. Rfd1 Nf5 18. Nd4 Nxd4 {[%emt 0:00:40] The position is equal.} 19. Rxd4 a5 $1 20. Rxd6 Rxd6 21. Bxd6 $11 {[%emt 0:00:06][%mdl 4096] Endgame. KRB-KRB} Be6 22. h3 Bxb3 23. Bc7 f6 24. Rc1 Rc8 25. Rc5 Kf7 26. Bb6 Rxc5 27. Bxc5 Bxa4 {[%emt 0:00:07] KB-KB} 28. Bb6 Bb5 29. Bxa5 b3 30. f3 h5 31. Kf2 Ke6 32. Ke3 Bf1 33. Kf2 Bb5 34. Ke3 Bf1 35. Kf2 Bb5 36. Ke3 Bf1 37. Ke4 {[%emt 0:23:39] Weighted Error Value: White=0.03 (flawless) /Black=0.04 (flawless) .  Mistake:       	White=1     	---        Inaccurate:     	White=1     	Black=1      OK:         	White=15    	Black=13     Best:        	White=3     	---        Strong:       	---       	Black=1} (37. Kf2 $11 {keeps the balance.} Ba6 38. g4) 1/2-1/2

[Event "Azerbaijan Men Championship 2024"]
[Site "Baku"]
[Date "2024.04.14"]
[Round "4.6"]
[White "Rustamov, Rustam"]
[Black "Rasulov, Vugar"]
[Result "0-1"]
[ECO "C64"]
[WhiteElo "2261"]
[BlackElo "2551"]
[Annotator "TA"]
[PlyCount "54"]
[EventDate "2024.04.11"]
[EventType "swiss"]
[EventCountry "AZE"]
[SourceTitle "playchess.com"]
[Source "ChessBase"]
[SourceQuality "1"]
[TimeControl "40/5400+30:1800+30"]

1. e4 e5 2. Nf3 Nc6 3. Bb5 Bc5 4. O-O Nd4 5. Nxd4 Bxd4 6. c3 Bb6 7. d3 c6 8. Ba4 Nf6 9. Nd2 O-O {[%emt 0:00:17] The position is equal.} 10. Nf3 d5 11. Nxe5 Re8 12. d4 Nxe4 13. Bf4 Qf6 14. Qf3 h6 15. Rfe1 Bf5 16. h3 Re7 17. Rad1 Rae8 18. Bc2 $2 {[%emt 0:01:39] [#] Now White is beyond hope.} (18. Re3 $11) 18... Nxf2 $1 $19 19. Qxf2 Bxc2 20. Qxc2 {[%emt 0:00:14] And now Qf2 would win.} Qxf4 21. Kh1 (21. Nd3 $142 Rxe1+ 22. Rxe1 Rxe1+ 23. Nxe1) 21... Bc7 22. Qb3 $2 (22. Kg1 {is a better chance.}) 22... Qg3 {[%emt 0:00:57] Hoping for ...f6.} 23. Rf1 $2 {[%emt 0:01:06] [#]} (23. c4 $19 Qxb3 24. axb3) 23... Rxe5 {[%emt 0:00:56] Black mates.} 24. dxe5 Qxe5 25. Kg1 Qh2+ 26. Kf2 {[%emt 0:00:05] White is weak on the dark squares} Qg3+ 27. Kg1 Re2 {[%emt 0:00:08] Weighted Error Value: White=0.77/Black=0.19 (very precise) .  Loses game:     	White=1     	---        Mistake:       	White=3     	---        Inaccurate:     	---       	Black=1      OK:         	White=5     	Black=8      Best:        	---       	Black=3} 0-1

[Event "Azerbaijan Men Championship 2024"]
[Site "Baku"]
[Date "2024.04.14"]
[Round "4.7"]
[White "Abdulov, Orkhan"]
[Black "Sadikhov, Ulvi"]
[Result "1/2-1/2"]
[ECO "B45"]
[WhiteElo "2401"]
[BlackElo "2497"]
[Annotator "TA"]
[PlyCount "88"]
[EventDate "2024.04.11"]
[EventType "swiss"]
[EventCountry "AZE"]
[SourceTitle "playchess.com"]
[Source "ChessBase"]
[SourceQuality "1"]
[TimeControl "40/5400+30:1800+30"]

1. e4 c5 2. Nf3 e6 3. d4 cxd4 4. Nxd4 Nf6 5. Nc3 Nc6 6. Nxc6 bxc6 7. e5 Nd5 8. Ne4 Bb7 9. a3 (9. Be2 $14) 9... Qc7 $11 10. f4 c5 $1 11. Qd3 {[%emt 0:00:30] Black has an edge.} Qc6 12. Nd6+ Bxd6 13. exd6 O-O (13... Qxd6 14. c4 $16) 14. Be2 c4 ({Inferior is} 14... Qxd6 15. c4 $16) (14... Rab8 $17 15. b3 Qb6 (15... Qxd6 16. c4 $14)) 15. Qxc4 $15 Qxd6 16. Qd3 {[%emt 0:00:30] Hoping for c4.} Rfc8 17. c4 Ba6 18. Qd4 Qb6 19. Qxb6 Nxb6 20. b3 d5 21. cxd5 Bxe2 22. Kxe2 Nxd5 23. Bd2 Nc3+ 24. Kd3 Nb5 25. Rhc1 Rd8+ 26. Ke3 Rd5 27. a4 Nd4 28. Rc3 Rad8 {[%emt 0:00:30] White must now prevent ...Nf5+.} 29. Be1 e5 30. Kf2 exf4 (30... e4 $11) 31. Rd1 $1 $16 {[%emt 0:00:30] Rcd3 is the strong threat.} Ne6 ({Better is} 31... R5d6 $14) 32. Rxd5 Rxd5 {[%emt 0:00:30][%mdl 4096] Endgame. KRB-KRN} 33. Rc8+ Rd8 34. Rxd8+ Nxd8 {[%emt 0:00:30] KB-KN} 35. Kf3 $1 g5 36. Bf2 (36. b4 $18 {has better winning chances.}) 36... a6 37. Bb6 (37. Ke4 $1 $14) 37... Nc6 $1 $11 38. Ke4 {[%emt 0:00:30] White wants to play Bc5.} f6 (38... Kf8 $11 {keeps the balance.}) 39. Kd5 $16 {[%emt 0:00:30][%mdl 1024] White has strong compensation.} Ne5 {[%emt 0:00:30] [#]} (39... Nb4+ $16 {was called for.} 40. Ke6 Kg7) 40. Bd4 ({White must play} 40. b4 $1 $18) 40... g4 {[%emt 0:00:30] [#]} 41. b4 $1 {[%emt 0:30:30][%cal Oa4a5,Bb3b4,Bb4b5,Bb5a6][%mdl 32] a5! would now be deadly.} Kf7 $1 42. a5 (42. b5 $1 $16 axb5 43. a5 (43. axb5 Ke7 $11)) 42... Ke7 {[%emt 0:00:30] The position is equal.} 43. b5 Kd7 44. bxa6 Kc8 {[%emt 0:00:30] Weighted Error Value: White=0.21 (precise) /Black=0.20 (precise) .  Mistake:       	White=4     	Black=5      Inaccurate:     	White=2     	Black=2      OK:         	White=15    	Black=8      Best:        	White=7     	Black=7      Strong:       	White=3     	Black=3} 1/2-1/2

[Event "Azerbaijan Men Championship 2024"]
[Site "Baku"]
[Date "2024.04.14"]
[Round "4.8"]
[White "Aslanov, Umid"]
[Black "Hamidov, Allahverdi"]
[Result "1/2-1/2"]
[ECO "C09"]
[WhiteElo "2239"]
[BlackElo "2091"]
[Annotator "TA"]
[PlyCount "85"]
[EventDate "2024.04.11"]
[EventType "swiss"]
[EventCountry "AZE"]
[SourceTitle "playchess.com"]
[Source "ChessBase"]
[SourceQuality "1"]
[TimeControl "40/5400+30:1800+30"]

1. e4 e6 2. d4 d5 3. Nd2 c5 4. exd5 exd5 5. Ngf3 Nc6 6. Bb5 Qe7+ 7. Be2 Qc7 8. O-O Nf6 9. Re1 cxd4 10. Nb3 Bb4 11. Bd2 {[%emt 0:01:17][%cal Od2b4] And now Bxb4! would win.} Bxd2 12. Qxd2 O-O 13. Nfxd4 Bd7 14. Nc5 Qb6 15. Nxd7 Nxd7 16. Nxc6 bxc6 17. c4 Nf6 18. cxd5 cxd5 19. Rad1 Rac8 20. Bf3 Rfe8 21. Rxe8+ Rxe8 22. g3 g6 23. Kg2 Kg7 24. Qd4 (24. Bxd5 $2 {perishes.} Rd8 (24... Nxd5 25. Qxd5 Qxb2 26. Qd7 $11) 25. Qc3 Rxd5 26. Rxd5 Qb7 $19) 24... Qxd4 25. Rxd4 $11 {[%emt 0:00:27][%cal Od4a4][%mdl 4096] Endgame. KRB-KRN} Rc8 26. a4 (26. Bxd5 $2 {loses.} Rd8 27. Ra4 Rxd5 $19) 26... Kf8 27. g4 (27. Bxd5 $2 Rd8 28. Kf3 Nxd5 $19 (28... Rxd5 $2 29. Rxd5 Nxd5 30. Ke4 $19)) 27... g5 28. Rb4 (28. Bxd5 $2 {too greedy.} Rd8 29. Rd3 Rxd5 $19 (29... Nxd5 $2 30. Kf3 $19)) 28... Rc2 29. a5 Ne4 30. Bxe4 dxe4 $14 {[%emt 0:00:10] KR-KR} 31. Kf1 a6 32. Rb6 Kg7 $1 33. b4 Rb2 34. Ke1 h6 35. h3 h5 36. gxh5 $16 Kh7 37. Kf1 (37. Rxa6 $16 {Threatens to win with Rb6.} Rxb4 38. Rf6) 37... f5 $11 38. Rxa6 {[%emt 0:08:59] [#] Hoping for Rb6.} Rxb4 39. Rg6 Ra4 {[%emt 0:02:11] The position is equal.} 40. Rxg5 Rxa5 41. Kg2 Kh6 42. h4 Ra2 43. Kg3 {[%emt 0:04:32] Weighted Error Value: White=0.10 (very precise) /Black=0.09 (flawless) .  Mistake:       	White=1     	Black=1      Inaccurate:     	White=3     	Black=2      OK:         	White=10    	Black=14     Best:        	White=1     	Black=3      Strong:       	---       	Black=1} 1/2-1/2

[Event "Azerbaijan Men Championship 2024"]
[Site "Baku"]
[Date "2024.04.14"]
[Round "4.9"]
[White "Sevdimaliyev, Urfan"]
[Black "Talibov, Shiroghlan"]
[Result "1/2-1/2"]
[ECO "D02"]
[WhiteElo "2320"]
[BlackElo "2373"]
[Annotator "TA"]
[PlyCount "102"]
[EventDate "2024.04.11"]
[EventType "swiss"]
[EventCountry "AZE"]
[SourceTitle "playchess.com"]
[Source "ChessBase"]
[SourceQuality "1"]
[TimeControl "40/5400+30:1800+30"]

1. d4 d5 2. Bf4 Nf6 3. e3 c5 4. Nf3 Nc6 5. Nbd2 cxd4 6. exd4 Bf5 7. c3 e6 8. Be2 Bd6 9. Bxd6 Qxd6 10. O-O h6 11. Re1 O-O 12. Bf1 Qc7 13. h3 Rab8 14. a4 Rfc8 15. Nb3 Nd7 16. Bd3 Bxd3 17. Qxd3 a6 18. Nbd2 Ne7 19. Rec1 Qf4 20. g3 Qf5 21. Qxf5 Nxf5 22. a5 Nd6 23. Ne1 f6 24. Nd3 Kf7 25. Nb3 Rc7 26. f3 Nc4 27. Kf2 Nd6 ({Black should play} 27... b6 $11) 28. Re1 Nc4 29. Re2 Rc6 {[%emt 0:01:33] [#]} (29... Re8 $14) 30. Rae1 (30. Nbc5 $1 $16 Nf8 31. Ra4) 30... e5 $14 31. Nb4 Rd6 32. Rd1 Rd8 33. dxe5 Ndxe5 34. f4 Ng6 35. Rde1 Rc8 36. h4 (36. Nd3 {with more complications.} Rd7 37. Nbc5 Rdc7 38. Ne6) 36... h5 37. Kg2 Rc7 38. Ra1 Re7 {[%emt 0:02:33] The position is equal.} 39. Rxe7+ Nxe7 40. Nc5 {[%emt 0:00:00] Against Rd7} b6 41. axb6 Rxb6 42. Rxa6 Rxa6 43. Ncxa6 Nxb2 $11 {[%emt 0:04:57][%mdl 4096] Endgame. KNN-KNN} 44. Nc7 Nc4 45. Ncxd5 Nf5 46. Nc2 g5 47. hxg5 fxg5 48. fxg5 {[%emt 0:00:36] Threatens to win with Kf3.} Kg6 49. Nd4 Kxg5 50. Nxf5 Kxf5 51. Kf2 {[%emt 0:01:04] [#] Ne3+ is the strong threat.} Ke5 {[%emt 0:33:34] Weighted Error Value: White=0.07 (flawless) /Black=0.09 (flawless) .  Mistake:       	White=1     	Black=2      Inaccurate:     	White=2     	Black=2      OK:         	White=22    	Black=17     Best:        	---       	Black=1} 1/2-1/2

[Event "Azerbaijan Men Championship 2024"]
[Site "Baku"]
[Date "2024.04.14"]
[Round "4.10"]
[White "Ahmad, Khagan"]
[Black "Hasanzade, Toghrul"]
[Result "0-1"]
[ECO "E05"]
[WhiteElo "2321"]
[BlackElo "2350"]
[Annotator "TA"]
[PlyCount "66"]
[EventDate "2024.04.11"]
[EventType "swiss"]
[EventCountry "AZE"]
[SourceTitle "playchess.com"]
[Source "ChessBase"]
[SourceQuality "1"]
[TimeControl "40/5400+30:1800+30"]

1. Nf3 Nf6 2. c4 e6 3. g3 d5 4. d4 Be7 5. Bg2 O-O 6. O-O dxc4 7. Qc2 a6 8. a4 Nc6 9. Qxc4 Na5 10. Qc2 b6 11. Bd2 Bb7 {[%emt 0:00:16] The position is equal.} 12. Bxa5 bxa5 13. Nbd2 Rc8 14. Nb3 Be4 {[%emt 0:00:03] A strong pair of Bishops.} 15. Qc1 {[%emt 0:02:02] [#]} c5 $1 16. dxc5 (16. Nxc5 Bxf3) 16... Qd5 17. Qe3 {[%emt 0:01:39] [#]} (17. Qc3 $11 {keeps the balance.}) 17... Rb8 $1 $17 {[%emt 0:09:47] Black continues to play with concentration.} 18. Ra3 Rb4 19. Qc3 (19. Qc1 $142) 19... Rfb8 20. Nbd2 Rxb2 {[%emt 0:11:49] Strongly threatening ...Rc2. Black is much more active.} ({Don't play} 20... Qxc5 $6 21. Qxc5 Bxc5 22. b3 $11) (20... Bxc5 21. Rc1 Be7 22. b3 $17) 21. Nxe4 (21. Rc1 $17 {is a better defense.}) 21... Nxe4 $19 22. Qe5 Bxc5 ({Less strong is} 22... Nxc5 23. Qxd5 exd5 24. Nd4 $17) 23. Qxd5 exd5 24. Rd3 Rxe2 25. Rxd5 Rxf2 26. Rxf2 (26. Kh1 {was necessary.}) 26... Bxf2+ 27. Kh1 Rb1+ 28. Bf1 Bb6 {[%emt 0:00:11] Prevents Rd8+} (28... Rxf1+ 29. Kg2 Bb6 30. Kxf1 $16) 29. Kg2 Rb2+ 30. Kh3 Nf2+ 31. Kh4 $2 (31. Kg2 Ng4+ 32. Kh1) 31... Rb4+ {[%emt 0:00:40] Black is clearly winning.} 32. Kg5 h6+ 33. Kf5 Ng4 {[%emt 0:00:56] Weighted Error Value: White=0.38/Black=0.02 (flawless) .  Mistake:       	White=5     	---        Inaccurate:     	White=1     	---        OK:         	White=9     	Black=9      Best:        	White=3     	Black=6      Strong:       	---       	Black=1} 0-1